 Dungeon Crawl Stone Soup version 0.18-a0-1782-gb76a692 (webtiles) character file.

651 MachoManRandySavage the Ducker (level 7, -8/59 HPs)
             Began as a Minotaur Gladiator on Apr 18, 2016.
             Was an Initiate of Trog.
             Mangled by a troll (9 damage)
             ... on level 9 of the Dungeon.
             The game lasted 00:15:14 (1178 turns).

MachoManRandySavage the Ducker (Minotaur Gladiator) Turns: 1178, Time: 00:15:15

Health: -8/59      AC:  7    Str: 21    XL:     7   Next: 28%
Magic:  6/6        EV: 12    Int:  5    God:    Trog [......]
Gold:   144        SH:  0    Dex: 11    Spells: 0 memorised, 6 levels left

rFire  . . .     SeeInvis .     g - +0 war axe
rCold  . . .     Gourm    .     k - +0 scale mail (curse)
rNeg   . . .     Faith    .     (no shield)
rPois  .         Spirit   .     b - +0 hat
rElec  .         Dismiss  .     (no cloak)
rCorr  .         Reflect  .     (no gloves)
SustAt .         Harm     .     (no boots)
MR     .....                    (no amulet)
Stlth  ..........               (no ring)
                                (no ring)

@: lethally poisoned (-8 -> -9), not resistant to hostile enchantments,
extremely unstealthy
A: retaliatory headbutt, horns 2
a: Burn Spellbooks, Renounce Religion


You were on level 9 of the Dungeon.
You worshipped Trog.
Trog was noncommittal.
You were very hungry.

You visited 2 branches of the dungeon, and saw 9 of its levels.

You collected 144 gold pieces.

Inventory:

Hand Weapons
 d - a +0 giant spiked club
 e - a +0 dagger
 f - a +0 whip
 g - a +0 war axe (weapon)
 i - a +0 club
 l - a +0 falchion
 n - a +0 short sword of speed
Missiles
 p - 12 stones (quivered)
Armour
 a - a +0 leather armour
 b - a +0 hat (worn)
 h - a +0 ring mail
 k - a cursed +0 scale mail (worn)
Wands
 j - a wand of slowing (43/48)
Comestibles
 c - a slice of pizza
 m - a beef jerky


   Skills:
 + Level 4.1 Fighting
 + Level 2.1 Long Blades
 + Level 2.6 Throwing
 + Level 4.2 Armour
 + Level 6.0 Dodging
 + Level 5.0 Unarmed Combat


You had 6 spell levels left.
You didn't know any spells.

Dungeon Overview and Level Annotations

Branches:
Dungeon (9/15)             Temple (1/1) D:4
   Lair: D:8-11         Orc: D:9-12

Altars:
Fedhas
Makhleb
Nemelex Xobeh
Okawaru
Qazlal
Trog

Shops:
D:9 *


Innate Abilities, Weirdness & Mutations

You reflexively headbutt those who attack you in melee.
You have a pair of horns on your head.


Message History

You feel sick. The troll bites you but does no damage. The troll claws you.
The troll closely misses you. The adder bites you but does no damage.
The adder barely misses you. You furiously retaliate!
You headbutt the adder.
You kill the adder!
Trog accepts your kill.
You feel sick. The troll bites you. The troll barely misses you.
The troll claws you!
* * * LOW HITPOINT WARNING * * *
You slash the troll! Your punch misses the troll.
The troll is lightly wounded.
The troll bites you but does no damage. The troll claws you.
* * * LOW HITPOINT WARNING * * *
The troll misses you.
You hit the troll.
The troll is moderately wounded.
You feel sick. The troll bites you!
* * * LOW HITPOINT WARNING * * *
The troll claws you!
You die...

.#... ...# #
## ##..##...
#.##
#......#
#...###∩.##
#..#....#
###†..##.##
#....###..##
#.##JT@....#
###
#.####....#
#...##.#
#... #..<#
.#. #.### #.
#


You could see a troll and a jelly.

Vanquished Creatures
  Prince Ribbit (D:5)
  A hungry ghost (D:8)
  An ogre (D:6)
  A giant frog (D:8)
  A scorpion (D:4)
  A hound (D:4)
  Terence (D:3)
  A worker ant (D:8)
  3 adders
  A worm (D:3)
  6 orcs
  A goblin (D:1)
  A jackal (D:3)
  A bat (D:1)
  2 giant gecko skeletons
  2 quokka skeletons
  A rat (D:3)
26 creatures vanquished.

Notes
Turn   | Place    | Note
--------------------------------------------------------------
     0 | D:1      | MachoManRandySavage the Minotaur Gladiator began the quest for the Orb.
     0 | D:1      | Reached XP level 1. HP: 18/18 MP: 0/0
   137 | D:3      | Noticed Terence
   151 | D:3      | Killed Terence
   151 | D:3      | Reached XP level 2. HP: 19/25 MP: 1/1
   151 | D:3      | Reached XP level 3. HP: 23/30 MP: 2/2
   215 | D:3      | Reached skill level 1 in Armour
   779 | D:4      | Found a staircase to the Ecumenical Temple.
   785 | Temple   | Entered the Ecumenical Temple
   804 | Temple   | Became a worshipper of Trog the Wrathful
   848 | D:4      | Noticed a scorpion
   854 | D:4      | Reached skill level 4 in Dodging
   854 | D:4      | Reached XP level 4. HP: 30/38 MP: 3/3
   935 | D:5      | Entered Level 5 of the Dungeon
   935 | D:5      | Noticed Prince Ribbit
   953 | D:5      | Killed Prince Ribbit
   953 | D:5      | Reached skill level 1 in Long Blades
   953 | D:5      | Reached skill level 5 in Dodging
   953 | D:5      | Reached XP level 5. HP: 29/45 MP: 4/4
   953 | D:5      | Reached XP level 6. HP: 33/51 MP: 5/5
  1009 | D:6      | You fall through a shaft for 2 floors!
  1037 | D:8      | Noticed a hungry ghost
  1046 | D:8      | Killed a hungry ghost
  1046 | D:8      | Reached skill level 6 in Dodging
  1046 | D:8      | Reached skill level 5 in Unarmed Combat
  1046 | D:8      | Reached XP level 7. HP: 14/59 MP: 6/6
  1154 | D:9      | Found Wuseh's General Store.
  1165 | D:9      | Noticed a troll
  1178 | D:9      | HP: 1/59 [troll (12)]
  1178 | D:9      | Mangled by a troll

Vault maps used:
D:1:      lightli_arrival_statuegarden
D:2:      lemuel_round_altar, uniq_natasha
D:3:      minmay_overflow_temple_star_hex, uniq_terence, uniq_jessica
D:4:      minmay_temple_entry_glassed_door
D:5:      nicolae_ru_great_annihilating_truth, first_bread, st_stairs_11,
          uniq_crazy_yiuf_cottage, uniq_prince_ribbit1
D:6:      portal_sewer_entry_b
D:9:      yredelemnul_forgotten_temple_becter, serial_shops, shop,
          blue_anna_alchemist, minmay_radiant
Temple:   circular_temple_12

Skill      XL: |  1  2  3  4  5  6  7 |
---------------+----------------------+-----
Armour         | 1 2 4 |  4.2
Fighting       | 3 4 |  4.1
Dodging        | 4 5 6 |  6.0
Unarmed Combat | 4 5 |  5.0
Long Blades    | 1 2 |  2.1
Throwing       | |  2.6

Action                   |  1- 3 |  4- 6 |  7- 9 || total
-------------------------+-------+-------+-------++-------
Melee: Dagger            |     6 |       |       ||     6
       Unarmed           |     5 |       |       ||     5
       Headbutt          |     6 |     9 |     1 ||    16
       Falchion          |    27 |     9 |       ||    36
       Punch             |     1 |     1 |       ||     2
       Short sword       |       |    35 |       ||    35
       War axe           |       |       |     8 ||     8
Throw: Throwing net      |     3 |       |       ||     3
       Stone             |       |     1 |       ||     1
  Use: Potion            |       |     4 |       ||     4
       Scroll            |       |     1 |     2 ||     3
  Eat: Bread ration      |       |     1 |       ||     1
Armor: Leather armour    |     2 |       |       ||     2
       Scale mail        |    18 |     9 |     4 ||    31
Dodge: Dodged            |    45 |    18 |    11 ||    74
